 Dungeon Crawl Stone Soup version 0.25-a0-166-g16436c4407 (webtiles) character file.

Game seed: 12212654251302151895, levelgen mode: deterministic

75091 D1HalberdGnoll the Basher (level 15, -11/127 HPs)
             Began as a Human Skald on Nov 24, 2019.
             Was a High Priest of Okawaru.
             Killed from afar by Jorgrun (42 damage)
             ... with an iron shot
             ... on level 14 of the Dungeon.
             The game lasted 01:09:11 (25434 turns).

D1HalberdGnoll the Basher (Human Skald)            Turns: 25434, Time: 01:09:11

Health: -11/127    AC: 14    Str: 18    XL:     15   Next: 96%
Magic:  0/24       EV: 19    Int: 12    God:    Okawaru [*****.]
Gold:   2054       SH:  0    Dex: 12    Spells: 18/24 levels left

rFire    + . .     SeeInvis +   T - +8 great mace of Hubris {pain, rN+}
rCold    . . .     Gourm    .   (shield currently unavailable)
rNeg     + . .     Faith    .   O - +0 troll leather armour
rPois    .         Spirit   +   p - +2 hat {SInv}
rElec    .         Reflect  .   (no cloak)
rCorr    .         Harm     .   C - +0 pair of gloves
MR       +....                  P - +1 pair of boots {Stlth+}
Stlth    ++++......             y - amulet of guardian spirit
HPRegen  0.71/turn              A - +2 ring of slaying
MPRegen  0.19/turn              q - ring of protection from fire

@: heroism, berserk cooldown, slowed, very slow
A: rugged brown scales 1, blink, dopey 1
a: Blink, Heroism, Finesse, Renounce Religion


You were on level 14 of the Dungeon.
You worshipped Okawaru.
Okawaru was extremely pleased with you.
You were not hungry.

You visited 3 branches of the dungeon, and saw 21 of its levels.
You also visited: Bailey.

You collected 2054 gold pieces.

Inventory:

Hand Weapons
 T - the +8 great mace of Hubris (weapon) {pain, rN+}
   (Okawaru gifted it to you on level 2 of the Lair of Beasts)

   In the hands of one skilled in necromantic magic, it inflicts extra damage on
   living creatures.
   It protects you from negative energy.
Missiles
 r - 6 curare-tipped darts (quivered)
 H - 3 throwing nets
Armour
 p - a +2 hat of see invisible (worn)
 C - a +0 pair of gloves (worn)
 O - a +0 troll leather armour (worn)
 P - a +1 pair of boots of stealth (worn)
Jewellery
 f - an uncursed ring of poison resistance
 q - a ring of protection from fire (right hand)
 s - an uncursed ring of protection from magic
 y - an amulet of guardian spirit (around neck)
 A - a +2 ring of slaying (left hand)
Wands
 k - a wand of random effects (16)
 t - a wand of flame (18)
 x - a wand of iceblast (16)
 I - a wand of digging (4)
 K - a wand of polymorph (5)
 M - a wand of disintegration (31)
 X - a wand of enslavement (7)
 Z - a wand of scattershot (6)
Scrolls
 a - 2 scrolls of magic mapping
 e - a scroll of holy word
 g - 3 scrolls of fog
 i - a scroll of silence
 m - 5 scrolls of teleportation
 v - 10 scrolls of remove curse
 L - 2 scrolls of identify
 R - a scroll of amnesia
Potions
 c - 7 potions of curing
 o - a potion of mutation
 u - 3 potions of agility
 w - 6 potions of heal wounds
 z - 2 potions of magic
 B - a potion of invisibility {unknown}
 D - 2 potions of haste
 F - 2 potions of degeneration {unknown}
 G - a potion of resistance
 J - 2 potions of ambrosia
 U - 4 potions of lignification {unknown}
Comestibles
 d - 29 rations


   Skills:
 + Level 13.2(18.2) Fighting
 - Level 14.0(19.0) Maces & Flails
 - Level 10.0(15.0) Armour
 - Level 8.0(13.0) Dodging
   Level 5.0(10.0) Shields
 - Level 5.0 Spellcasting
 * Level 7.1 Charms
 - Level 12.0 Invocations


You had 18 spell levels left.
You knew the following spells:

 Your Spells              Type           Power        Failure   Level  Hunger
a - Infusion              Chrm           ###.         1%          1    None
b - Song of Slaying       Chrm           ###.....     1%          2    ##.....
c - Spectral Weapon       Hex/Chrm       ##......     16%         3    ###....

Your spell library contained the following spells:

 Spells                   Type           Power        Failure   Level  Hunger
 Shroud of Golubria       Chrm/Tloc      ##....       8%          2    ##.....
 Regeneration             Chrm/Necr      ##........   16%         3    ###....
 Corona                   Hex            #......      22%         1    None
 Sandblast                Erth           #.....       22%         1    None
 Ensorcelled Hibernation  Hex/Ice        #.....       32%         2    ##.....
 Passwall                 Tmut/Erth      #.......     32%         2    ##.....
 Poisonous Vapours        Pois/Air       #.....       32%         2    ##.....
 Confuse                  Hex            #.......     54%         3    ###....
 Conjure Flame            Conj/Fire      #.......     54%         3    ###....
 Dazzling Spray           Conj/Hex       #.....       54%         3    ###....
 Mephitic Cloud           Conj/Pois/Air  #.......     54%         3    ###....
 Stone Arrow              Conj/Erth      #.....       54%         3    ###....
 Tukima's Dance           Hex            #.......     54%         3    ###....
 Cause Fear               Hex            #.........   91%         4    ####...
 Petrify                  Tmut/Erth      #.......     91%         4    ####...
 Summon Lightning Spire   Summ/Air       #.......     91%         4    ####...
 Lee's Rapid Deconstruct  Erth           #.........   99%         5    ######.
 Silence                  Hex/Air        #.........   99%         5    ######.
 Yara's Violent Unravell  Hex/Tmut       #.........   99%         5    ######.
 Conjure Ball Lightning   Conj/Air       #.........   100%        6    #######
 Deflect Missiles         Chrm/Air       ##........   100%        6    #######
 Freezing Cloud           Conj/Ice/Air   #.........   100%        6    #######
 Ring of Flames           Chrm/Fire      ##........   100%        7    #######
 Discord                  Hex            #.........   100%        8    #######
 Tornado                  Air            #.........   100%        9    #######


Dungeon Overview and Level Annotations

Branches:
Dungeon (14/15)            Temple (1/1) D:7            Lair (6/6) D:8
 Shoals (0/4) Lair:2        Snake (0/4) Lair:4        Slime (0/5) Lair:6
    Orc (0/2) D:9          Vaults (0/5) D:14         Bailey (visited)

Altars:
Ashenzari
Cheibriados
Dithmenos
Elyvilon
Fedhas
Gozag
Hepliaklqana
Kikubaaqudgha
Makhleb
Nemelex Xobeh
Okawaru
Qazlal
Ru
Sif Muna
Trog
Uskayaw
Vehumet
Wu Jian
Xom
Yredelemnul
Zin
The Shining One

Shops:
D:9 ?   D:13 *

Annotations:
D:5 5 runed translucent doors
D:13 exclusion: downstairs
D:14 Jorgrun


Innate Abilities, Weirdness & Mutations

You are partially covered in rugged brown scales. (AC +1, +3% HP)
You can translocate small distances at will.
You are dopey. (Int -2)


Message History

You are no longer berserk.
You pass out from exhaustion.
You feel yourself slow down.
Jorgrun hits you with an uncursed staff of earth.
The grasping roots constrict you.
Jorgrun hits you with an uncursed staff of earth!
* * * LOW HITPOINT WARNING * * *
Jorgrun crushes you!
* * * LOW HITPOINT WARNING * * *
x2 The grasping roots constrict you!
You can move again.
The grasping roots release their grip on you.
You flatten Jorgrun like a pancake!!!
Jorgrun is almost dead.
Jorgrun barely misses you.
You barely miss Jorgrun.
Jorgrun is almost dead.
Jorgrun points at you and mumbles some strange words.
The iron shot hits you!!!
You die...

#.#
#.....(((###..........#
#.#
#.#####...#..#######..####
#.# #.# #........# #..##..
#.# #.# #.#..#.### #......
#.####.# #......# #......
#......###..#...# #..##.#
#########..#....# #......
##......g.# #......
##..#....@.# ####.###.#
#..#.......#### #........#
#.............# #.##.#####
#####.....##.###.#
#.##...... #.........####
#^# #.######## #......#..#
#.# #.# ##..∩..##..# #.#
#.# #......##..### #.# #.#
#......##<...# #.# #.#


You could see Jorgrun.

Vanquished Creatures
  Rupert (Lair:5)
  Gastronok (D:11)
  Kirke (D:14)
  A dire elephant (Lair:6)
  Erolcha (D:12)
  11 hydras
  A vault guard (D:14)
  Erica (D:11)
  2 catoblepae
  2 centaur warriors
  4 death yaks (Lair:6)
  5 two-headed ogres
  A deep troll shaman (Lair:6)
  A tengu warrior (D:14)
  An iron troll (D:14)
  An unseen horror (D:10)
  2 wizards (D:12)
  Pikel (D:6)
  An orc knight (Bailey)
  8 ugly things
  5 manticores
  3 deep elf magi
  2 wolf spiders
  10 elephants (Lair:6)
  2 centaur zombies
  10 black mambas
  9 spiny frogs
  A torpor snail (Lair:6)
  2 rime drakes
  5 centaur skeletons
  5 komodo dragons
  A tengu conjurer (D:14)
  4 trolls
  Prince Ribbit (D:6)
  14 blink frogs
  8 hippogriffs
  Sigmund (D:6)
  2 fire elementals (D:12)
  42 yaks
  5 basilisks
  A water elemental (D:14)
  5 wyverns
  A human (D:14)
  A steam dragon (D:8)
  A hog (D:14)
  4 hungry ghosts
  A soldier ant (D:13)
  A two-headed ogre zombie (D:9)
  Edmund (D:6)
  An acid dragon (D:13)
  17 water moccasins
  10 porcupines
  11 orc warriors
  3 phantoms
  2 slaves
  3 ice beasts
  6 black bears
  An eye of draining (D:9)
  A necrophage (D:3)
  5 wolves (Lair:6)
  3 sky beasts
  5 centaurs
  6 ogres
  19 crocodiles
  5 big kobolds
  18 bullfrogs
  A gnoll sergeant (D:9)
  A wyvern zombie (D:9)
  A wyvern skeleton (D:6)
  4 scorpions
  2 troll zombies (D:9)
  10 killer bees
  4 wights (D:9)
  2 electric eels
  3 howler monkeys (D:7)
  2 crimson imps
  A bullfrog zombie (D:5)
  7 hounds
  5 orc priests
  9 jellies
  13 orc wizards
  2 bullfrog skeletons
  Terence (D:2)
  Natasha (thrice) (D:2)
  An iguana (D:11)
  11 worker ants
  5 ogre zombies (D:9)
  A hound zombie (D:6)
  A howler monkey zombie (D:9)
  3 worker ant zombies
  13 gnolls
  11 adders
  A shadow imp (D:9)
  A white imp (D:14)
  7 oozes
  2 adder skeletons
  A worm (D:4)
  A dart slug (D:2)
  3 leopard geckos
  41 orcs
  7 bats
  4 giant cockroaches
  13 goblins
  5 hobgoblins
  6 jackals
  4 quokkas
  A ball python (D:2)
  4 frilled lizards
  A giant cockroach zombie (D:3)
  A goblin skeleton (D:9)
  A goblin zombie (D:9)
  A hobgoblin skeleton (D:9)
  6 hobgoblin zombies (D:9)
  39 kobolds
  3 orc skeletons (D:9)
  13 orc zombies (D:9)
  11 rats
  A plant (Lair:2)
606 creatures vanquished.

Vanquished Creatures (others)
  A yak (D:6)
  2 humans (D:14)
  A water moccasin (Lair:6)
  A worker ant (D:14)
  2 orcs (D:14)
  7 fungi
  13 plants
27 creatures vanquished.

Grand Total: 633 creatures vanquished

Notes
Turn   | Place    | Note
-------+----------+-------------------------------------------
     0 | D:1      | D1HalberdGnoll the Human Skald began the quest for the Orb.
     0 | D:1      | Reached XP level 1. HP: 16/16 MP: 3/3
   109 | D:1      | Reached XP level 2. HP: 22/22 MP: 5/5
   509 | D:2      | Reached XP level 3. HP: 22/27 MP: 2/6
   610 | D:2      | Noticed Natasha
   624 | D:2      | Killed Natasha
   749 | D:2      | Learned a level 2 spell: Song of Slaying
   772 | D:2      | Reached XP level 4. HP: 30/34 MP: 2/7
   795 | D:2      | Noticed Terence
   806 | D:2      | Killed Terence
   806 | D:2      | Reached skill level 3 in Maces & Flails
   810 | D:2      | Noticed Natasha
  1117 | D:2      | Killed Natasha
  1117 | D:2      | Reached XP level 5. HP: 33/39 MP: 6/8
  1139 | D:2      | Noticed Natasha
  1143 | D:2      | Killed Natasha
  2200 | D:3      | Reached XP level 6. HP: 46/47 MP: 9/9
  2548 | D:3      | Reached skill level 4 in Maces & Flails
  2699 | D:4      | Noticed a necrophage
  2735 | D:3      | Killed a necrophage
  2751 | D:3      | Reached XP level 7. HP: 39/52 MP: 7/10
  3183 | D:4      | Reached skill level 5 in Maces & Flails
  3446 | D:5      | Entered Level 5 of the Dungeon
  3591 | D:5      | Found a runed translucent door.
  3591 | D:5      | Noticed a soldier ant
  3591 | D:5      | Noticed a water moccasin
  3592 | D:5      | Found a runed translucent gate.
  3592 | D:5      | Found a runed translucent gate.
  3599 | D:5      | Found the +9 staff of Olgreb {rPois}
  3602 | D:5      | Found a runed translucent door.
  3645 | D:5      | Noticed a soldier ant
  3645 | D:5      | Noticed a soldier ant
  3646 | D:5      | Found a runed translucent gate.
  3646 | D:5      | Noticed a soldier ant
  3646 | D:5      | Noticed a soldier ant
  3925 | D:5      | Reached XP level 8. HP: 46/60 MP: 8/11
  4221 | D:6      | Found a basalt altar of Yredelemnul.
  4261 | D:6      | Noticed Sigmund
  4262 | D:6      | Noticed Edmund
  4468 | D:6      | Killed Sigmund
  4468 | D:6      | Reached skill level 6 in Maces & Flails
  4601 | D:6      | Killed Edmund
  4847 | D:6      | Noticed Prince Ribbit
  4896 | D:6      | Killed Prince Ribbit
  4896 | D:6      | Reached skill level 5 in Fighting
  4896 | D:6      | Reached skill level 5 in Dodging
  4896 | D:6      | Reached XP level 9. HP: 37/68 MP: 9/12
  5000 | D:6      | Noticed Pikel
  5018 | D:6      | Killed Pikel
  5018 | D:6      | Reached skill level 7 in Maces & Flails
  5018 | D:6      | Reached skill level 5 in Armour
  5759 | D:7      | Reached skill level 8 in Maces & Flails
  6019 | D:7      | Reached XP level 10. HP: 55/76 MP: 8/13
  6099 | D:7      | Found a staircase to the Ecumenical Temple.
  6132 | Temple   | Entered the Ecumenical Temple
  6393 | Temple   | Became a worshipper of Warmaster Okawaru
  7006 | D:8      | Found a staircase to the Lair.
  7029 | D:8      | Reached skill level 1 in Invocations
  7219 | D:7      | Reached skill level 9 in Maces & Flails
  7853 | D:8      | Reached * piety under Okawaru
  8531 | D:8      | Noticed a two-headed ogre
  8542 | D:8      | Killed a two-headed ogre
  8542 | D:8      | Reached ** piety under Okawaru
  8593 | D:8      | Reached XP level 11. HP: 69/84 MP: 10/14
  9225 | D:9      | Found Hixamoak's Magic Scroll Boutique.
  9302 | D:9      | Reached skill level 10 in Maces & Flails
  9492 | D:9      | Reached skill level 1 in Shields
  9651 | D:9      | Reached *** piety under Okawaru
  9875 | D:9      | Found a staircase to the Orcish Mines.
  9991 | D:9      | Noticed a two-headed ogre
 10005 | D:9      | Killed a two-headed ogre
 10160 | D:9      | Got a pitted platinum ring
 11023 | D:9      | Reached skill level 5 in Invocations
 11299 | D:9      | Identified the ring "Pufinuse" {*Tele Int+4} (You found it
                  | on level 9 of the Dungeon)
 11325 | D:10     | Entered Level 10 of the Dungeon
 11443 | D:10     | Reached skill level 11 in Maces & Flails
 11546 | D:10     | Reached **** piety under Okawaru
 12028 | D:10     | Found a flagged portal.
 12032 | Bailey   | Entered a bailey
 12056 | Bailey   | Noticed an orc knight
 12062 | Bailey   | Killed an orc knight
 12062 | Bailey   | Reached XP level 12. HP: 84/93 MP: 9/16
 12422 | D:10     | Got a twisted triple sword
 12423 | D:10     | Identified the cursed +2 triple sword of the Orb {slice,
                  | Int-2 Dex+5 SInv Stlth+} (You found it on level 10 of the
                  | Dungeon)
 12435 | D:10     | Noticed a two-headed ogre
 12445 | D:10     | Killed a two-headed ogre
 12645 | Lair:1   | Entered Level 1 of the Lair of Beasts
 12814 | D:7      | HP: 3/94 [komodo dragon (11)]
 13344 | Lair:1   | Reached skill level 12 in Maces & Flails
 13492 | Lair:1   | Noticed a five-headed hydra
 13521 | Lair:1   | Killed a five-headed hydra
 13521 | Lair:1   | Reached skill level 5 in Shields
 13676 | Lair:1   | Reached ***** piety under Okawaru
 14630 | Lair:2   | Received a gift from Okawaru
 14633 | Lair:2   | Got a smoking great mace {god gift}
 14634 | Lair:2   | Identified the +8 great mace of Hubris {pain, rN+} (Okawaru
                  | gifted it to you on level 2 of the Lair of Beasts)
 14907 | Lair:2   | Found a staircase to the Shoals.
 14944 | Lair:2   | Noticed a catoblepas
 14953 | Lair:2   | Killed a catoblepas
 15089 | Lair:2   | Found an ancient bone altar of Kikubaaqudgha.
 15102 | Lair:2   | Reached XP level 13. HP: 96/101 MP: 18/18
 15646 | Lair:3   | Reached skill level 13 in Maces & Flails
 15761 | Lair:3   | Noticed a seven-headed hydra
 15781 | Lair:3   | Killed a seven-headed hydra
 16111 | Lair:3   | Noticed an eight-headed hydra
 16123 | Lair:3   | Killed an eight-headed hydra
 16123 | Lair:3   | Received a gift from Okawaru
 16297 | Lair:3   | Reached skill level 10 in Fighting
 16706 | Lair:3   | Noticed a seven-headed hydra
 16714 | Lair:3   | Killed a seven-headed hydra
 17154 | Lair:4   | Found a staircase to the Snake Pit.
 17269 | Lair:4   | Reached skill level 14 in Maces & Flails
 18561 | Lair:5   | Reached XP level 14. HP: 98/111 MP: 17/21
 18642 | Lair:5   | Noticed Rupert
 18650 | Lair:5   | Killed Rupert
 18650 | Lair:5   | Reached skill level 10 in Invocations
 18974 | Lair:6   | Entered Level 6 of the Lair of Beasts
 19419 | Lair:6   | Received a gift from Okawaru
 19547 | Lair:6   | Found a staircase to the Slime Pits.
 19948 | Lair:6   | Reached skill level 5 in Spellcasting
 20014 | Lair:6   | Learned a level 3 spell: Spectral Weapon
 20483 | Lair:6   | Received a gift from Okawaru
 20496 | Lair:6   | Received a gift from Okawaru
 20519 | Lair:6   | Noticed a dire elephant
 20562 | Lair:6   | Killed a dire elephant
 21121 | Lair:6   | Reached XP level 15. HP: 75/120 MP: 13/23
 21636 | D:10     | Gained mutation: You are dopey. (Int -2) [potion of
                  | mutation]
 21636 | D:10     | Gained mutation: You can translocate small distances at
                  | will. [potion of mutation]
 21636 | D:10     | Gained mutation: You are partially covered in rugged brown
                  | scales. (AC +1, +3% HP) [potion of mutation]
 21668 | D:11     | Noticed Erica
 21674 | D:11     | Killed Erica
 21826 | D:11     | Noticed Gastronok
 21835 | D:11     | Killed Gastronok
 22029 | D:11     | Noticed Sonja
 22031 | D:11     | Noticed Sonja
 22031 | D:11     | Sonja changed into Sonja the big kobold
 22041 | D:11     | Killed Sonja the big kobold
 22619 | D:12     | Reached skill level 5 in Charms
 22774 | D:12     | Noticed Nessos
 22778 | D:12     | Noticed Nessos
 22778 | D:12     | Nessos changed into Nessos the hippogriff
 22785 | D:12     | Killed Nessos the hippogriff
 22968 | D:12     | Noticed Erolcha
 22978 | D:12     | Killed Erolcha
 23148 | D:12     | Found a white marble altar of Elyvilon.
 23634 | D:13     | Found Ocue's General Store.
 24137 | D:14     | Found a frozen archway.
 24249 | D:14     | Noticed Kirke
 24260 | D:14     | Killed Kirke
 24317 | D:14     | Reached skill level 10 in Armour
 24472 | D:14     | Found a sparkling altar of Nemelex Xobeh.
 24534 | D:14     | Found a shimmering altar of Xom.
 24605 | D:14     | Found a gate to the Vaults.
 24667 | D:14     | Noticed Jorgrun
 25434 | D:14     | Killed from afar by Jorgrun

Levels and vault maps discovered:
D:1:      dpeg_arrival_erosion, layout_basic
D:2:      layout_basic, first_ration, hex_large, uniq_terence, uniq_natasha
D:3:      layout_loops_ring
D:4:      layout_cave_pools, serial_column_ruins, column_ruins_open_medium,
          column_ruins_columns_straight, column_ruins_open_tiny,
          column_ruins_grid_1, column_ruins_columns_plus, minmay_ruptured
D:5:      layout_gridville, hex_medium, dk_noncrumbling_3,
          minmay_guarded_unrand_staff_of_olgreb
D:6:      layout_rooms, yredelemnul_altar_generic, uniq_pikel, uniq_edmund,
          uniq_sigmund, uniq_prince_ribbit1
D:7:      layout_layer_cave, temple_pool_b
D:8:      layout_basic, minmay_lair_entry_grove
D:9:      layout_loops_ring, zombieorc2_lemuel, serial_shops, shop,
          hangedman_little_slice_of_home
D:10:     layout_roguey, enter_bailey_1
D:11:     layout_irregular_city, serial_bayou_crossing, uniq_erica,
          uniq_gastronok, uniq_sonja
D:12:     cheibrodos_lost_city_excavation, layout_irregular_city, basic_altar,
          uniq_nessos, uniq_erolcha
D:13:     layout_roguey, serial_shops, shop
D:14:     minmay_box_of_statues, layout_loops_ring, david_vaults_4, basic_altar,
          nemelex_xobeh_ov_fountains_minmay, serial_ice, serial_ice_m,
          serial_ice_n, serial_ice_a, serial_ice_j,
          portal_ice_cave_entry_pillars_1, uniq_jorgrun, uniq_kirke
Temple:   roderic_octagonal_lattice_temple
Lair:1:   minmay_lair_venomous_thicket, layout_gridlike, serial_bayou_pond_c,
          grunt_megastairs_5
Lair:2:   layout_regular_city, elwin_shoals_entry_rocks, basic_altar,
          hibernation_bobbens, infiniplex_staircase_pool
Lair:3:   layout_regular_city
Lair:4:   layout_loops_ring, dummy_snake_entry
Lair:5:   layout_regular_city, lemuel_fruit_tree, infiniplex_staircase_pool_2,
          uniq_rupert
Lair:6:   grunt_lair_end_beastmaster, layout_cave_pods,
          nicolae_slime_entry_slimehenge, minmay_shattered_shrine,
          grunt_megastairs_4, serial_bayou_shore_b

Skill      XL: |  1  2  3  4  5  6  7  8  9 10 11 12 13 14 15 |
---------------+----------------------------------------------+-----
Maces & Flails | 3 4 5 6 8 9 11 12 14 | 14.0
Armour         | 2 3 4 5 6 7 8 10 | 10.0
Fighting       | 3 4 5 6 7 8 9 10 11 13 | 13.2
Dodging        | 3 4 5 6 7 8 |  8.0
Invocations    | 3 5 7 9 11 12 | 12.0
Shields        | 3 5 |  5.0
Spellcasting   | 5 |  5.0
Charms         | 4 7 |  7.1

Action                   |  1- 3 |  4- 6 |  7- 9 | 10-12 | 13-15 || total
-------------------------+-------+-------+-------+-------+-------++-------
Melee: Mace              |    63 |       |       |       |       ||    63
       Dagger            |       |   180 |   333 |  1052 |       ||  1565
       War axe           |       |       |       |   113 |       ||   113
       Great mace        |       |       |       |    42 |   938 ||   980
Throw: Boomerang         |     2 |       |     5 |       |       ||     7
       Dart              |       |     6 |    56 |    81 |     5 ||   148
 Cast: Infusion          |     5 |     1 |       |     1 |     2 ||     9
       Song of Slaying   |       |       |       |     5 |    27 ||    32
Invok: Heroism           |       |       |       |    22 |    29 ||    51
       Finesse           |       |       |       |       |    14 ||    14
Evoke: Wand              |       |       |     3 |     9 |    13 ||    25
  Use: Scroll            |       |       |     8 |    13 |    15 ||    36
       Potion            |       |       |       |     2 |     6 ||     8
 Stab: Sleeping          |       |       |       |     2 |     8 ||    10
  Eat: Chunk             |       |     6 |    11 |    17 |    13 ||    47
       Ration            |       |       |       |     7 |     7 ||    14
Armor: Leather armour    |    23 |     2 |       |       |       ||    25
       Chain mail        |       |   117 |   199 |   121 |       ||   437
       Troll leather arm |       |       |       |   205 |   272 ||   477
Dodge: Dodged            |    53 |    65 |   123 |   810 |   675 ||  1726
Block: Buckler           |       |       |       |   229 |       ||   229

Table legend:
 A = Non-vault XP
 B = Vault XP
 C = Vault XP percentage of total XP
 D = Non-vault monster count
 E = Vault monster count
 F = Vault count percentage of total count
                 A         B        C        D         E       F
            +---------+---------+-------+---------+---------+-------
      Total |   63123 |   44151 |  41.2 |     437 |     166 |  27.5
            +---------+---------+-------+---------+---------+-------
        D:1 |      27 |       0 |   0.0 |      18 |       0 |   0.0
        D:2 |      88 |      71 |  44.7 |      12 |       2 |  14.3
        D:3 |     330 |       0 |   0.0 |      33 |       0 |   0.0
        D:4 |     310 |       2 |   0.6 |      13 |       1 |   7.1
        D:5 |     245 |       0 |   0.0 |       8 |       0 |   0.0
        D:6 |     365 |    1408 |  79.4 |       8 |       5 |  38.5
        D:7 |    1660 |     548 |  24.8 |      26 |       4 |  13.3
        D:8 |    1865 |    1531 |  45.1 |       9 |       9 |  50.0
        D:9 |    3465 |    1080 |  23.8 |      52 |      44 |  45.8
       D:10 |    4015 |       0 |   0.0 |      38 |       0 |   0.0
       D:11 |    1335 |    3187 |  70.5 |       8 |       3 |  27.3
       D:12 |    4891 |    4259 |  46.5 |      27 |       8 |  22.9
       D:13 |    3944 |       0 |   0.0 |      25 |       0 |   0.0
       D:14 |    7703 |    6134 |  44.3 |      25 |       9 |  26.5
     Lair:1 |    4707 |    1497 |  24.1 |      20 |       8 |  28.6
     Lair:2 |    3900 |     193 |   4.7 |      16 |       1 |   5.9
     Lair:3 |    8715 |       0 |   0.0 |      30 |       0 |   0.0
     Lair:4 |    4259 |       0 |   0.0 |      23 |       0 |   0.0
     Lair:5 |    5270 |    2954 |  35.9 |      27 |       1 |   3.6
     Lair:6 |    6029 |   20151 |  77.0 |      19 |      43 |  69.4
     Bailey |       0 |    1136 | 100.0 |       0 |      28 | 100.0
            +---------+---------+-------+---------+---------+-------
